 Dungeon Crawl Stone Soup version 0.31-a0-1300-gb6740aa4e6 (webtiles) character file.

Game seed: 2312578541415445368

5229 pokeman the Thaumaturge (level 10, -6/56 HPs)
             Began as a Deep Elf Hedge Wizard on Dec 19, 2023.
             Was a Believer of Vehumet.
             Mangled by an orc warlord
             ... wielding a +4 broad axe
              (28 damage)
             ... in a bailey.
             The game lasted 00:28:14 (10412 turns).

pokeman the Thaumaturge (Deep Elf Hedge Wizard)    Turns: 10412, Time: 00:28:14

Health: -6/56      AC:  4    Str:  7    XL:     10   Next: 35%
Magic:  29/38      EV: 13    Int: 24    God:    Vehumet [**....]
Gold:   503        SH:  0    Dex: 14    Spells: 25/36 levels left

rFire   + . .        G - +1 whip (elec)
rCold   . . .        (no shield)
rNeg    . . .        y - +2 robe {rF+}
rPois   .            c - +0 hat
rElec   .            u - scarf {repulsion}
rCorr   .            (no gloves)
SInv    .            (no boots)
Will    +....        (no amulet)
Stlth   ++           C - ring of wizardry
HPRegen 0.29/turn    l - ring of magical power
MPRegen 0.26/turn

%: repel missiles, wizardry (x1)
@: on blink cooldown
A: no striking features
a: Renounce Religion


You were in a bailey.
You worshipped Vehumet.
Vehumet was pleased with you.
You visited 2 branches of the dungeon, and saw 10 of its levels.
You also visited: Sewer and Bailey.

You collected 640 gold pieces.
You spent 137 gold pieces at shops.

Inventory:

Hand Weapons
 G - a +1 whip of electrocution (weapon)
Missiles
 I - 2 throwing nets
 J - a curare-tipped dart
Armour
 c - a +0 hat (worn)
 j - a +1 cloak
 u - a scarf of repulsion (worn)
 y - a +2 robe of fire resistance (worn)
 A - the +1 robe of Honour {rElec rCorr}
   (You found it on level 3 of the Dungeon)

   rElec:     It insulates you from electricity.
   rCorr:     It protects you from acid and corrosion.
 K - +0 steam dragon scales
Magical Staves
 M - a staff of air
 S - a staff of fire
Jewellery
 l - a ring of magical power (right hand)
 m - a ring of protection from cold
 C - a ring of wizardry (left hand)
 D - a +5 ring of evasion
 F - a ring of fire
 R - an amulet of guardian spirit
Wands
 O - a wand of quicksilver (6)
 P - a wand of iceblast (7)
 Q - a wand of paralysis (9)
Scrolls
 g - 6 scrolls of identify
 h - 3 scrolls of enchant weapon {unknown}
 n - 3 scrolls of teleportation
 o - 3 scrolls of revelation
 p - a scroll of brand weapon {unknown}
 r - 2 scrolls of fear {unknown}
 s - 4 scrolls of acquirement
 v - 2 scrolls of immolation {unknown}
 x - 2 scrolls of torment {unknown}
 B - a scroll of amnesia {unknown}
 E - a scroll of noise {unknown}
 H - 2 scrolls of vulnerability {unknown}
 L - a scroll of blinking {unknown}
 N - a scroll of poison {unknown}
 T - a scroll of enchant armour {unknown}
 V - 2 scrolls of fog {unknown}
Potions
 a - 3 potions of degeneration {unknown}
 b - 2 potions of lignification {unknown}
 d - 2 potions of magic
 e - 3 potions of curing {unknown}
 f - a potion of attraction {unknown}
 i - a potion of brilliance {unknown}
 k - 2 potions of haste {unknown}
 q - 2 potions of might {unknown}
 t - 2 potions of heal wounds {unknown}
 w - a potion of mutation {unknown}
 z - a potion of enlightenment {unknown}
 U - a potion of cancellation {unknown}


   Skills:
 + Level 4.0 Fighting
 - Level 4.0 Armour
 - Level 3.0 Dodging
 - Level 3.0 Stealth
 * Level 13.6 Spellcasting
 + Level 8.8 Conjurations
 - Level 1.1 Summonings
 - Level 1.1 Translocations
 + Level 3.2 Fire Magic
 - Level 1.0 Air Magic
 + Level 1.0 Earth Magic
 - Level 1.0 Poison Magic
 - Level 1.0 Evocations


You had 25 spell levels left.
You knew the following spells:

 Your Spells              Type           Power      Damage    Failure   Level
a - Magic Dart            Conj           100%       1d8       1%          1
b - Mephitic Cloud        Conj/Pois/Air  33%        N/A       1%          3
c - Call Imp              Summ           42%        N/A       1%          2
d - Blink                 Tloc           42%        N/A       1%          2
e - Stone Arrow           Conj/Erth      80%        3d12      1%          3

Your spell library contained the following spells:

 Spells                   Type           Power      Damage    Failure   Level
 Slow                     Hex            64%        N/A       1%          1
 Cigotuvi's Dreadful Rot  Necr/Pois/Air  38%        N/A       1%          2
 Searing Ray              Conj           100%       2d8       1%          2
 Fulminant Prism          Conj/Hex       18%        3d10      2%          4
 Manifold Assault         Tloc           21%        N/A       9%          4
 Dispersal                Tloc           10%        N/A       77%         6
 Disjunction              Tloc           10%        N/A       100%        8


Dungeon Overview and Level Annotations

Branches:
Dungeon (9/15)             Temple (1/1) D:6            Lair (0/5) D:8
  Sewer (visited)          Bailey (1/1)
    Orc: D:9-12

Altars:
Ashenzari
Cheibriados
Dithmenos
Elyvilon
Fedhas
Gozag
Hepliaklqana
Kikubaaqudgha
Makhleb
Nemelex Xobeh
Okawaru
Qazlal
Ru
Sif Muna
Trog
Uskayaw
Vehumet
Wu Jian
Xom
Yredelemnul
Zin
The Shining One

Shops:
D:2 ((?   D:8 [


Message History

Confirm with . or Enter, or press ? or * to list all spells.
You blink.
You are engulfed in noxious fumes.
The orc warlord is engulfed in noxious fumes.
The orc warlord hits you with a +4 broad axe!
You are engulfed in noxious fumes.
You choke on the stench!
You are confused.
Things that are here:
a +0 hand axe; a +0 ring mail You feel less confused.
The orc warlord is engulfed in noxious fumes.
The orc warlord attacks as it pursues you!
The orc warlord misses you.
You feel ready to blink again.
Casting: Blink (safe; 1% risk of failure)
Confirm with . or Enter, or press ? or * to list all spells.
You blink.
Casting: Blink (safe; 1% risk of failure)
Confirm with . or Enter, or press ? or * to list all spells.
Aiming: Mephitic Cloud (safe; 1% risk of failure)
Press: ? - help, Shift-Dir - straight line, p - orc warlord The ball explodes into a vile cloud!
The stinking cloud engulfs the orc warlord but does no damage.
The orc warlord is engulfed in noxious fumes.
Unknown command.
Aiming: Paralyse
Press: ? - help, Shift-Dir - straight line, f - orc warlord
Aim: an orc warlord, wielding a +4 broad axe and wearing a +0 chain mail (noxious fumes, chance to affect: 19%)
The orc warlord resists with almost no effort.
The orc warlord is engulfed in noxious fumes.
The orc warlord attacks as it pursues you!
The orc warlord hits you with a +4 broad axe!
You feel ready to blink again.
The orc warlord attacks as it pursues you!
The orc warlord hits you with a +4 broad axe!
Casting: Mephitic Cloud (safe; 1% risk of failure)
Confirm with . or Enter, or press ? or * to list all spells.
You blink.
The orc warlord hits you with a +4 broad axe!!
Ouch! That really hurt!
You die...

..#~~(~~#.........##≈≈♣
..#~~~~~#..........#≈≈♣
..'.....'(...8..8..#≈≈♣
..#########........#≈≈♣
###~~~#~~~##......##≈≈♣
~~#~.....[~#....(##...♣
~........?~#....##....♣
~8.8...8.8##..§o#.....♣♣
~.........#.....@...)..♣
~....∩....#....('..)∩.∩♣
~.........#.....(..(...♣
~8.8...8.8##((..#..○..♣♣
~........?~#....##°°..♣
~~#~.....)~#.....##...♣
###~~~#~~~##......##≈≈♣
..#########.)......#≈≈♣
..).)(..(.)..8..8..#≈≈♣


You could see an orc warlord.

Vanquished Creatures
  An orc knight (Bailey)
  Maggie (D:7)
  Jeremiah (D:6)
  Sigmund (D:3)
  3 yaks (D:8)
  A wyvern (D:8)
  A steam dragon (D:6)
  Pargi (Sewer)
  2 orc warriors (Bailey)
  An ice beast (D:6)
  A centaur (D:6)
  A phantom (D:6)
  A kobold brigand (D:6)
  A brain worm (Sewer)
  4 bullfrogs
  7 scorpions
  5 wights
  3 killer bees (D:7)
  2 howler monkeys
  4 hounds
  A gnoll bouda (D:4)
  An orc priest (D:4)
  A jelly (D:8)
  3 iguanas
  A sleepcap (D:6)
  Natasha (thrice) (D:3)
  7 orc wizards
  4 adders
  28 gnolls
  2 shadow imps
  2 white imps
  4 ufetubi
  2 worms
  4 dart slugs
  23 orcs
  9 bats
  3 endoplasms
  5 giant cockroaches
  41 goblins
  28 hobgoblins
  23 kobolds
  A quokka (D:2)
  11 ball pythons
  5 frilled lizards (Sewer)
  3 rats
257 creatures vanquished.

Vanquished Creatures (collateral kills)
  2 yaks (D:8)
  2 wights
  A howler monkey (D:8)
5 creatures vanquished.

Grand Total: 262 creatures vanquished

Notes
Turn   | Place    | Note
-------+----------+-------------------------------------------
     0 | D:1      | pokeman the Deep Elf Hedge Wizard began the quest for the
                  | Orb.
     0 | D:1      | Reached XP level 1. HP: 10/10 MP: 7/7
   222 | D:1      | Found a faded altar of an unknown god.
   510 | D:1      | Reached XP level 2. HP: 15/15 MP: 5/9
  1109 | D:2      | Found Qerrieha's Weapon Emporium.
  1137 | D:2      | Found Gilatheg's Weapon Shop.
  1248 | D:2      | Reached skill level 5 in Spellcasting
  1248 | D:2      | Reached XP level 3. HP: 8/20 MP: 11/11
  1262 | D:2      | Learned a level 3 spell: Mephitic Cloud
  1265 | D:2      | Learned a level 2 spell: Call Imp
  1268 | D:2      | Learned a level 2 spell: Blink
  1699 | D:2      | Found Ihaishrida's Magic Scroll Shop.
  1702 | D:2      | Bought a scroll of revelation for 82 gold pieces
  1702 | D:2      | Bought a scroll of identify for 22 gold pieces
  1725 | D:2      | Reached skill level 1 in Fighting
  1867 | D:2      | Bought a scroll of teleportation for 33 gold pieces
  2101 | D:3      | Found a glowing drain.
  2113 | Sewer    | Entered a sewer
  2149 | Sewer    | Noticed Pargi
  2161 | Sewer    | Killed Pargi
  2162 | Sewer    | Reached skill level 1 in Armour
  2162 | Sewer    | Reached skill level 6 in Spellcasting
  2162 | Sewer    | Reached XP level 4. HP: 25/25 MP: 14/14
  2162 | Sewer    | Reached XP level 5. HP: 29/29 MP: 15/15
  2845 | D:3      | Noticed Natasha
  2853 | D:3      | Killed Natasha
  2854 | D:3      | Reached XP level 6. HP: 34/34 MP: 17/17
  3284 | D:3      | Reached skill level 7 in Spellcasting
  3450 | D:3      | Noticed Sigmund
  3469 | D:3      | Killed Sigmund
  3470 | D:3      | Reached skill level 5 in Conjurations
  3470 | D:3      | Reached XP level 7. HP: 37/38 MP: 19/19
  3565 | D:3      | Noticed Natasha
  3569 | D:3      | Killed Natasha
  3570 | D:3      | Reached skill level 1 in Air Magic
  3570 | D:3      | Reached skill level 1 in Poison Magic
  3906 | D:3      | Noticed Natasha
  3909 | D:3      | Killed Natasha
  4110 | D:3      | Identified the +1 robe of Honour {rElec rCorr}
  4928 | D:4      | Found a white marble altar of Elyvilon.
  4929 | D:4      | Found an ancient bone altar of Kikubaaqudgha.
  5002 | D:4      | Reached skill level 8 in Spellcasting
  5339 | D:5      | Entered Level 5 of the Dungeon
  5499 | D:5      | You fall into a shaft and drop 1 floor!
  5535 | D:6      | Reached XP level 8. HP: 45/45 MP: 22/22
  5585 | D:6      | Found a shimmering altar of Xom.
  5615 | D:6      | Found a blossoming altar of Fedhas.
  5756 | D:5      | Reached skill level 9 in Spellcasting
  6358 | D:6      | Found a staircase to the Ecumenical Temple.
  6387 | Temple   | Found a transporter.
  6387 | Temple   | Found a transporter.
  6387 | Temple   | Found a transporter.
  6387 | Temple   | Found a transporter.
  6387 | Temple   | Entered the Ecumenical Temple
  6416 | Temple   | Became a worshipper of Vehumet
  6498 | D:6      | Reached skill level 10 in Spellcasting
  6537 | D:6      | Noticed Jeremiah
  6577 | D:6      | Killed Jeremiah
  6730 | D:6      | Reached XP level 9. HP: 44/50 MP: 24/25
  6797 | D:6      | Found a broken altar of Ashenzari.
  6827 | D:6      | Reached skill level 11 in Spellcasting
  7474 | D:7      | Noticed Maggie
  7484 | D:7      | Killed Maggie
  7898 | D:7      | Reached * piety under Vehumet
  7898 | D:7      | Offered knowledge of Shock by Vehumet.
  8053 | D:7      | Reached skill level 12 in Spellcasting
  8506 | D:7      | Reached skill level 1 in Evocations
  8631 | D:8      | Noticed a death yak
  8631 | D:8      | Noticed a death yak
  8631 | D:8      | Noticed a death yak
  8631 | D:8      | Noticed a death yak
  8631 | D:8      | Noticed a death yak
  8631 | D:8      | Found a staircase to the Lair.
  8632 | D:8      | Noticed a death yak
  8736 | D:8      | Reached skill level 1 in Fire Magic
  8955 | D:8      | Found Wotuilie's Armour Emporium.
  9076 | D:8      | Reached skill level 13 in Spellcasting
  9076 | D:8      | Reached XP level 10. HP: 32/56 MP: 29/29
  9106 | D:8      | Offered knowledge of Scorch by Vehumet.
  9291 | D:8      | Reached ** piety under Vehumet
  9493 | D:8      | Found a burning altar of Makhleb.
  9495 | D:8      | Found a snail-covered altar of Cheibriados.
  9496 | D:8      | Found a stormy altar of Qazlal.
  9497 | D:8      | Found a shadowy altar of Dithmenos.
  9498 | D:8      | Found a bloodstained altar of Trog.
  9498 | D:8      | Found a shimmering blue altar of Sif Muna.
  9499 | D:8      | Found an iron altar of Okawaru.
  9500 | D:8      | Found a sacrificial altar of Ru.
  9500 | D:8      | Found a hazy altar of Hepliaklqana.
  9501 | D:8      | Found an opulent altar of Gozag.
  9845 | D:9      | Found a flagged portal.
  9863 | Bailey   | Entered a bailey
  9884 | Bailey   | Noticed an orc warlord
 10088 | Bailey   | Noticed an orc knight
 10091 | Bailey   | Offered knowledge of Stone Arrow by Vehumet.
 10106 | Bailey   | Learned a level 3 spell: Stone Arrow
 10112 | Bailey   | Killed an orc knight
 10113 | Bailey   | Reached skill level 1 in Earth Magic
 10203 | Bailey   | Found a runed translucent gate.
 10205 | Bailey   | Found a runed translucent gate.
 10206 | Bailey   | Found a runed translucent gate.
 10412 | Bailey   | Mangled by an orc warlord

Illustrated notes

Levels and vault maps discovered:
D:1:      matt_arrival_diagonals, layout_rooms, shapermc_ecumenical_altar_venn,
          st_stairs_13
D:2:      layout_basic, serial_shops, shop, shop, nicolae_square_shop,
          minmay_fractal_squares_gapless_5
D:3:      minmay_goblin_kobold_castle, layout_loops_ring,
          cheibrodos_sewer_entry_drain, kennysheep_generic_room_8, uniq_natasha,
          uniq_sigmund
D:4:      layout_basic, mainiacjoe_overflow_large_starburst,
          kennysheep_crisscross, nicolae_twisty_statue_hallways
D:5:      layout_gridville, minivault_4
D:6:      layout_loops_ring, evilmike_ruin_ashenzari,
          mainiacjoe_overflow_concentric_impassable,
          mainiacjoe_overflow_boulevard, temple_fountains, billiards_dpeg,
          uniq_jeremiah
D:7:      layout_basic, uniq_maggie
D:8:      layout_loops_ring, nicolae_overflows_in_rows, dpeg_lair_monsters,
          serial_shops, nicolae_shop_competitors_out_of_business
D:9:      layout_loops_cross, orc_0_dummy, lightli_bailey_entry_fortress,
          uniq_erolcha
Temple:   hellmonk_temple_divided_pantheon
Bailey:   bailey_axe_bossmonster_kennysheep, bailey

Skill      XL: |  1  2  3  4  5  6  7  8  9 10 |
---------------+-------------------------------+-----
Spellcasting   | 5 6 7 8 10 13 | 13.6
Fighting       | 1 2 3 4 |  4.0
Armour         | 1 2 4 |  4.0
Conjurations   | 2 3 5 6 7 8 |  8.8
Stealth        | 3 |  3.0
Dodging        | 3 |  3.0
Air Magic      | 1 |  1.0
Poison Magic   | 1 |  1.0
Evocations     | 1 |  1.0
Fire Magic     | 2 3 |  3.2
Earth Magic    | 1 |  1.0
Summonings     | |  1.1
Translocations | |  1.1

Action                     |  1- 3 |  4- 6 |  7- 9 | 10-12 || total
---------------------------+-------+-------+-------+-------++-------
  Melee: Short sword       |    11 |    39 |    41 |       ||    91
         Punch             |       |     1 |     1 |     1 ||     3
         Whip              |       |       |    90 |    29 ||   119
   Cast: Magic Dart        |    75 |   108 |   408 |    94 ||   685
         Mephitic Cloud    |     2 |     6 |    24 |    13 ||    45
         Call Imp          |       |       |     9 |     5 ||    14
         Blink             |       |       |       |     5 ||     5
         Stone Arrow       |       |       |       |     5 ||     5
  Evoke: Wand              |       |       |       |     1 ||     1
   Stab: Confused          |     1 |     1 |    16 |     1 ||    19
 Armour: Robe              |    14 |    21 |   102 |    24 ||   161
  Dodge: Dodged            |    15 |    39 |   118 |    27 ||   199
         Repelled          |       |       |     1 |     1 ||     2

Table legend: (Time is in decaauts)
 A = Elapsed time spent in this place.
 B = Non-inter-level travel time spent in this place.
 C = Inter-level travel time spent in this place.
 D = Time resting spent in this place.
 E = Time spent auto-exploring this place.
 F = Levels seen in this place.
 G = Mean time per level.
                   A        B        C        D        E       F      G
               +--------+--------+--------+--------+--------+-----+--------+
         Total |  10452 |  10105 |    347 |    504 |   7582 |  12 |  871.0 |
       Dungeon |   9493 |   9163 |    330 |    504 |   7009 |   9 | 1054.8 |
        Temple |     47 |     30 |     17 |      0 |      0 |   1 |   47.0 |
         Sewer |    353 |    353 |      0 |      0 |    255 |   1 |  353.0 |
        Bailey |    557 |    557 |      0 |      0 |    318 |   1 |  557.0 |
               +--------+--------+--------+--------+--------+-----+--------+

Top non-repeatable levels by time:
     D:3: 1988 daAuts
     D:2: 1387 daAuts
     D:7: 1367 daAuts
     D:6: 1276 daAuts
     D:8: 974 daAuts
     D:4: 946 daAuts
     D:5: 818 daAuts
     D:1: 679 daAuts
  Bailey: 557 daAuts
   Sewer: 353 daAuts
     D:9: 55 daAuts
  Temple: 47 daAuts
